 Dungeon Crawl Stone Soup version 0.29-a0-284-gf9362112df (webtiles) character file.

Game seed: 1310792523842924436

35 Ajdolov the Magician (level 3, 0/25 HPs)
             Began as a Djinni Earth Elementalist on Mar 15, 2022.
             Slain by a goblin
             ... wielding a +1 dagger of electrocution
              (9 damage)
             ... on level 2 of the Dungeon.
             The game lasted 00:02:51 (2199 turns).

Ajdolov the Magician (Djinni Earth Elementalist)    Turns: 2199, Time: 00:02:52

Health: 0/25       AC:  2    Str:  7    XL:     3   Next: 52%
Gold:   41         EV: 12    Int: 18    God:
                   SH:  0    Dex: 13

rFire   + + .      SeeInvis .   e - +0 dagger
rCold   x . .      Faith    .   (no shield)
rNeg    . . .      Spirit   .   b - +0 robe
rPois   ∞          Reflect  .   (no helmet)
rElec   .          Harm     .   (no cloak)
rCorr   .          Rampage  .   (no gloves)
Will    .....                   (boots unavailable)
Stlth   ++........              (no amulet)
HPRegen 0.08/turn               (no ring)
MPRegen 0.00/turn               (no ring)

@: flying
A: sickness immunity, fire resistance 2, cold vulnerability 1, float, innate
caster, HP casting, extra vitality 1
a: no special abilities


You were on level 2 of the Dungeon.
You visited 1 branch of the dungeon, and saw 2 of its levels.

You collected 41 gold pieces.

Inventory:

Hand Weapons
 e - a +0 dagger (weapon)
Missiles
 a - 12 stones
Armour
 b - a +0 robe (worn)
Wands
 h - a wand of flame (8)
Scrolls
 d - a scroll of immolation {unknown}
 f - a scroll of enchant weapon {unknown}
 g - a scroll of vulnerability {unknown}
 j - a scroll of teleportation {unknown}
Potions
 c - 2 potions of lignification {unknown}
 i - 2 potions of ambrosia {unknown}


   Skills:
 - Level 2.1 Dodging
 - Level 1.5 Stealth
 * Level 3.4 Spellcasting


You couldn't memorise any spells.
You knew the following spells:

 Your Spells              Type           Power      Damage    Failure   Level
a - Sandblast             Erth           30%        2d9       3%          1
b - Passwall              Tmut/Erth      12%        N/A       6%          2
c - Stone Arrow           Conj/Erth      30%        3d8       12%         3
d - Petrify               Tmut/Erth      15%        N/A       36%         4
e - Slow                  Hex            60%        N/A       3%          1
Your spell library was empty.

Dungeon Overview and Level Annotations

Branches:
Dungeon (2/15)

Altars:

Shops:
D:1 (([!


Innate Abilities, Weirdness & Mutations

You are immune to sickness and miasma.
You are immune to poison.
Your flesh is very heat resistant. (rF++)
You are vulnerable to cold. (rC-)
You float through the air rather than walking.
You learn spells naturally, not from books.
Your magical power is your life essence.
You have superior vitality. (+4 MHP)


Message History

You barely miss the kobold.
The kobold is heavily wounded.
The kobold closely misses you.
You hit the kobold but do no damage.
The kobold is heavily wounded.
The kobold hits you but does no damage.
You hit the kobold.
The kobold is severely wounded.
The kobold closely misses you.
You hit the kobold but do no damage.
The kobold is severely wounded.
The kobold barely misses you.
You hit the kobold but do no damage.
The kobold is severely wounded.
The kobold barely misses you.
You hit the kobold.
You kill the kobold!
a - 12 stones (gained 3)
There is an open door here.
You see here a +0 whip.
HP restored.
There is an open door here.
You see here a +0 whip.
A goblin comes into view.
It is wielding a +1 dagger of electrocution.
The goblin unwields a +1 dagger of electrocution.
It stops crackling.
The goblin wields a +0 hunting sling.
The goblin shoots a sling bullet.
The sling bullet closely misses you.
The goblin unwields a +0 hunting sling.
The goblin wields a +1 dagger of electrocution.
You hear the crackle of electricity.
The goblin hits you with a +1 dagger of electrocution.
You are electrocuted!
You closely miss the goblin.
The goblin hits you with a +1 dagger of electrocution.
You are too injured to fight recklessly!
You hit the goblin.
The goblin is heavily wounded.
The goblin hits you with a +1 dagger of electrocution.
You are electrocuted!
You die...

.'...###.....###...'..#
.#....###.....###..#..#
.#.....###.....###.#..#
.##.....###.....####..#
.###.....###....^###..#
.#####'#######'####...#
.)....................#
.###.########.###.#...#
.....<.........g@...###
..###################
.......# #.####.# #.#
#.# ..# ### ######.#


You could see a goblin.

Vanquished Creatures
  A dart slug (D:1)
  3 ball pythons
  4 endoplasms
  A goblin (D:1)
  2 hobgoblins (D:1)
  4 jackals
  5 kobolds (D:2)
  2 quokkas
  2 bats (D:2)
  2 frilled lizards (D:2)
  A rat (D:1)
27 creatures vanquished.

Notes
Turn   | Place    | Note
-------+----------+-------------------------------------------
     0 | D:1      | Ajdolov the Djinni Earth Elementalist began the quest for
                  | the Orb.
     0 | D:1      | Reached XP level 1. HP: 15/15 MP: 0/0
   198 | D:1      | Found Yver's Weapon Boutique.
   302 | D:1      | Reached XP level 2. HP: 9/21 MP: 0/0
   475 | D:1      | Found Zayxko's Distillery.
   549 | D:1      | Reached skill level 3 in Spellcasting
   792 | D:1      | Found Ozilanen's Antique Weapon Emporium.
   898 | D:1      | Found Zomato Edwuo's Antique Armour Shoppe.
  1171 | D:2      | Reached XP level 3. HP: 18/25 MP: 0/0
  1171 | D:2      | Learned a level 1 spell: Slow
  2199 | D:2      | Slain by a goblin

Illustrated notes

Levels and vault maps discovered:
D:1:      psy_arrival_basics, layout_loops_cross, serial_shops,
          nicolae_shop_bloodbath_and_beyond, shop, nicolae_shop_behind_doors,
          shop
D:2:      layout_basic, dreamdust_ecumenical_altar_drowned_temple,
          minmay_quadrilaterals

Skill      XL: |  1  2 |
---------------+-------+-----
Spellcasting   | 3 |  3.4
Dodging        | |  2.1
Stealth        | |  1.5

Action                   || total
-------------------------++-------
Melee: Dagger            ||    60
       Punch             ||     1
 Cast: Sandblast         ||    25
 Stab: Sleeping          ||     1
Armor: Robe              ||    13
Dodge: Dodged            ||    46

Table legend: (Time is in decaauts)
 A = Elapsed time spent in this place.
 B = Non-inter-level travel time spent in this place.
 C = Inter-level travel time spent in this place.
 D = Time resting spent in this place.
 E = Time spent auto-exploring this place.
 F = Levels seen in this place.
 G = Mean time per level.
                   A        B        C        D        E       F      G
               +--------+--------+--------+--------+--------+-----+--------+
         Total |   2199 |   2162 |     37 |    626 |   1314 |   2 | 1099.5 |
       Dungeon |   2199 |   2162 |     37 |    626 |   1314 |   2 | 1099.5 |
               +--------+--------+--------+--------+--------+-----+--------+

Top non-repeatable levels by time:
     D:1: 1392 daAuts
     D:2: 807 daAuts
